AoeStats
← ELPOCHOGOL

Yucatan

510376593Analyzed
2v2 RM · 19h ago on Sep 30, 2026· 50m 32s· 4 players
Game mode
Random Map
Map size
Medium (4 player)
Population
200
Speed
Normal
Resources
Standard
Victory
Conquest
Starting age
Dark Age
Ending age
Imperial Age
RankedLock teamsTeams togetherTeam positionsShared explorationLock speedFull tech treeHidden civsTurbo modeCheats
Victory
Defeat
🇦🇷 Burgundians · Argentina
1168
+17
🇦🇷 Franks · Argentina
1142
+18
🇷🇺 Spanish · Russia
1204
-18
🇩🇰 Saxons · Denmark
1164
-17
ELPOCHOGOL
9:36 Loom
11:52 Feudal Age
14:42 Scale Barding Armor
14:49 Forging
19:54 Castle Age
18:38 Gold Mining
20:39 Double-Bit Axe
22:02 Wheelbarrow
21:45 Town Watch
22:34 Husbandry
24:45 Stone Mining
28:04 Town Patrol
31:28 Bow Saw
34:00 Imperial Age
33:43 Hand Cart
33:52 Chain Barding Armor
34:08 Iron Casting
33:23 Fletching
33:34 Padded Archer Armor
34:05 Cavalier
36:26 Ballistics
37:07 Chemistry
36:03 Murder Holes
36:18 Masonry
40:52 Elite Throwing Axeman
42:23 Ordonnance Companies
44:11 Conscription
44:26 Hoardings
45:50 Plate Barding Armor
46:17 Blast Furnace
45:12 Bodkin Arrow
45:33 Leather Archer Armor
45:02 Treadmill Crane
45:55 Architecture
46:08 Light Cavalry
46:56 Scale Mail Armor
47:11 Paladin
Elbetoben181430
5:35 Loom
7:28 Double-Bit Axe
11:19 Feudal Age
10:01 Gold Mining
12:07 Wheelbarrow
12:42 Town Watch
16:04 Castle Age
15:56 Gold Shaft Mining
16:07 Cavalier
16:56 Scale Barding Armor
17:21 Hand Cart
17:17 Husbandry
21:47 Forging
23:55 Elite Skirmisher
27:48 Fletching
28:45 Padded Archer Armor
29:26 Ballistics
30:14 Chain Barding Armor
30:39 Bodkin Arrow
32:03 Bow Saw
37:16 Imperial Age
34:50 Stone Mining
35:43 Fervor
39:00 Iron Casting
40:45 Horse Collar
42:20 Blast Furnace
41:26 Devotion
41:47 Leather Archer Armor
43:21 Stone Shaft Mining
43:45 Heavy Plow
44:24 Plate Barding Armor
43:49 Bracer
47:47 Treadmill Crane
49:07 Chemistry
48:10 Town Patrol
47:35 Paladin
50:30 Conscription
impossible
8:31 Loom
11:05 Feudal Age
12:41 Double-Bit Axe
16:26 Castle Age
15:51 Stone Mining
25:57 Husbandry
28:04 Light Cavalry
28:55 Bloodlines
29:22 Gold Mining
37:49 Bloodlines
42:52 Imperial Age
41:30 Wheelbarrow
41:16 Bow Saw
43:29 Fletching
44:28 Conscription
44:22 Bodkin Arrow
44:39 Scale Barding Armor
47:38 Elite Conquistador
48:12 Elite Conquistador
50:54 Hoardings
Caderousse
8:34 Loom
10:19 Feudal Age
16:20 Castle Age
14:23 Double-Bit Axe
14:21 Horse Collar
15:45 Scale Mail Armor
16:24 Pikeman
17:22 Chain Mail Armor
22:39 Fletching
24:27 Squires
25:57 Bow Saw
31:10 Gold Mining
31:12 Stone Mining
33:09 Bodkin Arrow
35:29 Wheelbarrow
39:17 Imperial Age
43:12 Halberdier
Connection lost

Rejoining the realm…

Still unreachable

The connection could not be restored.

Session expired

The server has moved on; the page needs a fresh start.